 Dungeon Crawl Stone Soup version 0.26.0-18-gc5c842f807 (webtiles) character file.

Game seed: 3952836097376527378

405876 backslashecho the Executioner (level 24, -3/180 HPs)
             Began as a Formicid Ice Elementalist on Jan 23, 2021.
             Was the Champion of Okawaru.
             Slain by a spriggan berserker
             ... wielding a +0 quarterstaff
              (21 damage)
             ... on level 3 of the Depths.
             The game lasted 03:20:32 (61089 turns).

backslashecho the Executioner (FoIE)               Turns: 61089, Time: 03:20:33

Health: -3/180     AC: 30    Str: 36    XL:     24   Next: 52%
Magic:  38/38      EV: 14    Int: 21    God:    Okawaru [******]
Gold:   2608       SH: 27    Dex: 12    Spells: 27/27 levels left

rFire    + . .     SeeInvis +   a - +8 frozen axe "Frostbite" {freezing cloud, *Noise +Fly rC+}
rCold    + + +     Faith    .   H - +4 tower shield "Yntople" {rElec rC+ Will+ Str+5}
rNeg     + . .     Spirit   .   J - +2 plate armour {rPois}
rPois    +         Reflect  .   (helmet unavailable)
rElec    +         Harm     .   s - +2 cloak
rCorr    +         Rampage  .   G - +0 pair of gloves of the Blessed Realm {rCorr}
Will     +++++     Clarity  +   d - +2 pair of boots
Stlth    ..........             L - amulet of the Four Winds {rN+ Will+++ Clar}
HPRegen  0.40/turn              n - ring "Raqabon" {rC+ MP+9 Str+9 Int+4}
MPRegen  0.26/turn              c - ring of protection from fire

@: flayed, invisible
A: permanent stasis, dig shafts and tunnels, four strong arms, antennae 3
}: 2/15 runes: serpentine, barnacled
a: Dig, Shaft Self, Renounce Religion, Evoke Flight, Heroism, Finesse


You were on level 3 of the Depths.
You worshipped Okawaru.
Okawaru was exalted by your worship.
You visited 8 branches of the dungeon, and saw 39 of its levels.
You also visited: Ice Cave.

You collected 6445 gold pieces.
You spent 3837 gold pieces at shops.

Inventory:

Hand Weapons
 a - the +8 frozen axe "Frostbite" (weapon) {freezing cloud, *Noise +Fly rC+}
   (Okawaru gifted it to you on level 4 of the Vaults)

   It has been specially enchanted to freeze those struck by it, causing extra
   injury to most foes and up to half again as much damage against particularly
   susceptible opponents.
   It can also slow down cold-blooded creatures.
   It protects you from cold.
   It lets you fly.
   It may make noises in combat.
 b - the +5 battleaxe of Fipusofe {vamp, Int+4 Stlth+}
   (You found it on level 15 of the Dungeon)

   It inflicts no extra harm, but heals its wielder when it wounds a living foe.
   It affects your intelligence (+4).
   It makes you more stealthy.
 e - a +2 antimagic battleaxe
Missiles
 j - 15 boomerangs of dispersal
 m - 133 poisoned darts
 v - 15 curare-tipped darts
 z - 82 silver javelins (quivered)
 R - 11 throwing nets
Armour
 d - a +2 pair of boots (worn)
 s - a +2 cloak (worn)
 G - the +0 pair of gloves of the Blessed Realm (worn) {rCorr}
   (Okawaru gifted it to you on level 5 of the Lair of Beasts)

   It provides partial protection from all sources of acid and corrosion.
 H - the +4 tower shield "Yntople" (worn) {rElec rC+ Will+ Str+5}
   (You acquired it on level 2 of the Orcish Mines)

   It affects your strength (+5).
   It protects you from cold.
   It insulates you from electricity.
   It affects your willpower, your defense against some magical effects.
 J - a +2 plate armour of poison resistance (worn)
Jewellery
 c - a ring of protection from fire (right hand)
 n - the ring "Raqabon" (left hand) {rC+ MP+9 Str+9 Int+4}
   (You acquired it on level 2 of the Orcish Mines)

   [ring of magical power]

   It affects your strength (+9).
   It affects your intelligence (+4).
   It protects you from cold.
   It affects your magic capacity (+9).
 t - an uncursed ring of flight
 E - an uncursed ring of fire
 L - the amulet of the Four Winds (around neck) {rN+ Will+++ Clar}
   (You bought it in a shop on level 2 of the Orcish Mines)

   [amulet of nothing]

   It protects you from negative energy.
   It affects your willpower, your defense against some magical effects.
   It protects you against confusion.
Wands
 g - a wand of polymorph (27)
 u - a wand of iceblast (13)
 w - a wand of paralysis (23)
 y - a wand of random effects (86)
 A - a wand of flame (67)
 B - a wand of acid (29)
 F - a wand of digging (5)
 N - a wand of enslavement (12)
 U - a wand of disintegration (21)
Scrolls
 i - 4 scrolls of enchant armour
 k - 23 scrolls of remove curse
 C - 4 scrolls of enchant weapon
 D - 3 scrolls of fear
 M - 9 scrolls of identify
 S - 2 scrolls of fog
Potions
 f - 6 potions of mutation
 h - 9 potions of curing
 o - 4 potions of heal wounds
 p - 3 potions of flight
 x - 3 potions of ambrosia
 I - 4 potions of invisibility
 K - a potion of resistance
 O - 9 potions of cancellation
 P - 2 potions of magic
 Q - 2 potions of brilliance
 T - a potion of might
Miscellaneous
 l - a tin of tremorstones (2/2)


   Skills:
 + Level 12.7 Fighting
 * Level 21.4 Axes
 - Level 16.0 Throwing
 - Level 20.0 Armour
 - Level 10.0 Dodging
 - Level 2.4 Stealth
 - Level 15.0 Shields
 - Level 1.0 Unarmed Combat
 - Level 2.3 Spellcasting
 - Level 4.1 Ice Magic
 - Level 8.0 Invocations
 + Level 12.5 Evocations


You had 27 spell levels left.
You didn't know any spells.
Your spell library contained the following spells:

 Spells                   Type           Power        Failure   Level
 Freeze                   Ice            76%          9%          1
 Frozen Ramparts          Ice            38%          26%         3
 Ozocubu's Armour         Ice            19%          26%         3
 Ensorcelled Hibernation  Hex/Ice        22%          30%         2
 Corona                   Hex            2%           43%         1
 Magic Dart               Conj           8%           43%         1
 Shock                    Conj/Air       8%           43%         1
 Sting                    Tmut/Pois      8%           43%         1
 Call Imp                 Summ           2%           56%         2
 Poisonous Vapours        Pois/Air       4%           56%         2
 Searing Ray              Conj           4%           56%         2
 Slow                     Hex            2%           56%         2
 Sublimation of Blood     Necr           1%           56%         2
 Confusing Touch          Hex            2%           80%         3
 Conjure Flame            Conj/Fire      2%           80%         3
 Dazzling Flash           Conj/Hex       4%           80%         3
 Gell's Gravitas          Tloc           1%           80%         3
 Ignite Poison            Fire/Tmut/Pois 2%           80%         3
 Inner Flame              Hex/Fire       2%           80%         3
 Mephitic Cloud           Conj/Pois/Air  2%           80%         3
 Portal Projectile        Hex/Tloc       4%           80%         3
 Static Discharge         Conj/Air       2%           80%         3
 Summon Guardian Golem    Hex/Summ       2%           80%         3
 Hailstorm                Conj/Ice       11%          89%         4
 Summon Ice Beast         Ice/Summ       11%          89%         4
 Airstrike                Air            1%           99%         4
 Animate Dead             Necr           1%           99%         4
 Cause Fear               Hex            1%           99%         4
 Fulminant Prism          Conj/Hex       1%           99%         4
 Iskenderun's Mystic Bla  Conj/Tloc      2%           99%         4
 Leda's Liquefaction      Hex/Erth       1%           99%         4
 Olgreb's Toxic Radiance  Pois           2%           99%         4
 Petrify                  Tmut/Erth      2%           99%         4
 Summon Lightning Spire   Summ/Air       2%           99%         4
 Metabolic Englaciation   Hex/Ice        5%           99%         5
 Alistair's Intoxication  Tmut/Pois      1%           100%        5
 Borgnjor's Vile Clutch   Necr/Erth      1%           100%        5
 Irradiate                Conj/Tmut      1%           100%        5
 Lightning Bolt           Conj/Air       1%           100%        5
 Silence                  Hex/Air        1%           100%        5
 Yara's Violent Unravell  Hex/Tmut       1%           100%        5
 Conjure Ball Lightning   Conj/Air       1%           100%        6
 Death Channel            Necr           1%           100%        6
 Eringya's Noxious Bog    Tmut/Pois      1%           100%        6
 Shadow Creatures         Summ           N/A          100%        6
 Simulacrum               Ice/Necr       5%           100%        6
 Tornado                  Air            1%           100%        9
 Blink                    Tloc           Unusable     N/A         2
 Swiftness                Air            Unusable     N/A         2

Dungeon Overview and Level Annotations

Branches:
Dungeon (15/15)            Temple (1/1) D:5            Lair (6/6) D:9
 Shoals (4/4) Lair:4        Snake (4/4) Lair:4        Slime (0/5) Lair:5
    Orc (2/2) D:11            Elf (0/3) Orc:2        Vaults (4/5) D:14
  Crypt (0/3) Vaults:2     Depths (3/5) D:15          IceCv (visited)

Altars:
Ashenzari
Cheibriados
Dithmenos
Elyvilon
Fedhas
Gozag
Hepliaklqana
Kikubaaqudgha
Makhleb
Nemelex Xobeh
Okawaru
Qazlal
Ru
Sif Muna
Trog
Uskayaw
Vehumet
Wu Jian
Xom
Yredelemnul
Zin
The Shining One
Beogh
Jiyva

Shops:
D:4 :   D:7 *   Orc:1 *   Orc:2 =??[   Shoals:4 :?[*(   Snake:1 *   Snake:4 [
Vaults:1 (   Vaults:2 [   Vaults:4 ??   Depths:1 [

Portals:
Hell: Depths:1 Depths:2
Pandemonium: Depths:1
Ziggurat: Depths:2

Annotations:
D:4 1 runed translucent door, jackrogers's ghost, amateur DrBe
D:7 1 runed translucent door, Crazy Yiuf
D:12 1 exclusion
D:15 Roxanne
Lair:1 exclusion: oklob plant
Lair:3 3 runed translucent doors, teolandon225's ghost, journeyman SpEn
Vaults:1 3 runed translucent doors, tamionv's ghost, adept GrFi
Depths:1 1 runed translucent door, Paloaq's ghost, journeyman GnCj


Innate Abilities, Weirdness & Mutations

You cannot be hasted, slowed, berserked, paralysed or teleported.
You can dig through walls and to a lower floor.
Your four strong arms can wield two-handed weapons with a shield.
You have a pair of large antennae on your head. (SInv)


Message History

The flayed ghost stares at you with tortured malice.
Terrible wounds open up all over your body!
* * * LOW HITPOINT WARNING * * *
The frost giant is engulfed in freezing vapours.
You take 20 damage, and have 41/180 hp.
Okay, then.
Unknown command.
Unknown command.
Press: ? - help, v - describe, . - travel
Here: a flayed ghost (heavily damaged)
The floor.
Unknown command.
Unknown command.
You fade into invisibility!
The spriggan berserker hits you with a +0 quarterstaff!!
* * * LOW HITPOINT WARNING * * *
You block the death yak's attack. You block the tengu reaver's attack. x2
The tengu reaver claws you but does no damage.
The spriggan berserker hits you with a +0 quarterstaff!!
You die...

##.[..# #...###
#.######...#
#......'.()#
+......#.#(# {
##....####)#
##.###..()#{{$#
#+#*..(Q.#####.
{#....(@iC.W..J.
{#.....)Y.#####
#......### $#
##..†### # #...
##'# { .. { #..
+..


You could see a frost giant, a tengu reaver (corroded), a death yak (summoned,
berserk, corroded), a large slime creature, a flayed ghost, a spriggan berserker
(berserk, regenerating, strong-willed) and a battlesphere.

Vanquished Creatures
  Mara (Vaults:3)
  Sojobo (Depths:1)
  Bai Suzhen (Vaults:3)
  Vashnia (Snake:2)
  A bone dragon (Vaults:2)
  A tentacled monstrosity (Depths:2)
  Jorgrun (Snake:3)
  2 liches (Depths:3)
  Polyphemus (Shoals:4)
  A titan (Shoals:2)
  2 sphinxes
  Kirke (Lair:4)
  2 tengu reavers (Depths:1)
  7 nagarajas (Snake:4)
  Ilsuiw (Shoals:4)
  2 storm dragons
  A deep elf sorcerer (Vaults:3)
  9 vault wardens
  4 frost giants
  3 fire giants (Depths:2)
  An orc warlord (Orc:2)
  Aizul (Snake:3)
  An angel (Depths:2)
  10 very ugly things
  A spriggan defender (Depths:3)
  11 stone giants
  4 ironheart preservers
  A deep elf demonologist (Vaults:2)
  Nessos (D:12)
  7 vampire knights (Depths:1)
  A dire elephant (D:15)
  3 spark wasps
  9 ettins
  A crystal guardian (Vaults:2)
  Josephine (Lair:5)
  5 fire dragons
  10 merfolk javelineers
  9 yaktaur captains
  12 merfolk impalers
  4 great orbs of eyes
  9 hydras
  15 ogre magi
  3 ice dragons
  13 naga warriors
  3 vault guards
  8 boulder beetles
  2 spriggan air magi
  4 centaur warriors
  2 catoblepae
  3 merfolk avatars
  5 rakshasas
  2 alligator snapping turtles
  2 death knights
  7 merfolk aquamancers
  6 satyrs
  An anaconda (shapeshifter) (Depths:1)
  7 deep troll shamans
  3 anacondas
  2 tengu warriors (Depths:2)
  51 two-headed ogres
  A two-headed ogre (shapeshifter) (Depths:2)
  15 death yaks
  2 orc high priests
  2 vampire magi (Depths:1)
  3 deep troll earth magi (Depths:2)
  A spriggan berserker (Depths:3)
  17 naga sharpshooters
  6 deep elf knights
  A shock serpent (Snake:3)
  A shadow wraith (Vaults:2)
  Sonja (D:12)
  An iron troll (Depths:1)
  3 salamander mystics
  A fire crab (shapeshifter) (D:15)
  6 skeletal warriors
  21 deep trolls
  A flayed ghost (Vaults:2)
  10 sea snakes
  4 glowing orange brains
  9 wizards
  4 phantasmal warriors
  11 deep elf archers
  7 naga ritualists
  14 orc knights
  16 harpies
  12 ironbrand convokers
  3 necromancers
  9 mana vipers
  6 wolf spiders
  10 cyclopes
  41 ugly things
  A sphinx skeleton (Vaults:3)
  A stone giant zombie (Vaults:3)
  13 salamanders
  18 deep elf magi
  A tengu skeleton (Vaults:4)
  A faun (shapeshifter) (Depths:2)
  10 manticores
  18 fauns
  9 vault sentinels
  5 merfolk sirens
  34 elephants
  32 black mambas
  A black mamba (shapeshifter) (Vaults:1)
  Joseph (D:7)
  11 water nymphs
  2 guardian serpents
  An ice statue (IceCv)
  26 naga magi
  A gargoyle (D:12)
  A rime drake (shapeshifter) (Vaults:1)
  18 cane toads
  46 yaktaurs
  2 kobold demonologists (D:14)
  2 rime drakes (Lair:5)
  A tengu conjurer (Depths:2)
  14 komodo dragons
  10 freezing wraiths
  A red devil (Depths:3)
  23 polar bears
  A troll (shapeshifter) (Depths:1)
  A merfolk (shapeshifter) (Vaults:1)
  9 hornets
  9 wind drakes
  27 merfolk
  21 trolls
  21 slime creatures
  A sphinx simulacrum (Vaults:4)
  12 snapping turtles
  23 blink frogs
  17 dream sheep
  12 spriggans (Lair:6)
  57 yaks
  16 water elementals
  6 wyverns
  5 wraiths
  6 basilisks
  2 hogs (Lair:3)
  A basilisk (shapeshifter) (Vaults:2)
  Eustachio (D:5)
  A human simulacrum (Vaults:3)
  14 vampire mosquitoes
  A yaktaur simulacrum (Vaults:2)
  A soldier ant (shapeshifter) (Vaults:2)
  32 nagas
  An acid dragon (D:15)
  4 wargs
  Edmund (D:6)
  17 water moccasins
  A floating eye (shapeshifter) (Depths:2)
  A black bear (shapeshifter) (Vaults:2)
  38 orc warriors
  3 sky beasts
  5 black bears
  6 ice beasts
  3 hornet zombies
  An eye of draining (D:12)
  3 human zombies
  2 ettin simulacra (Vaults:3)
  4 phantoms
  4 boggarts (Lair:6)
  22 centaurs
  9 necrophages
  2 tengu (shapeshifter) (Depths:1)
  47 wolves
  51 ogres
  5 human skeletons
  4 big kobolds
  Blork the orc (D:5)
  17 bullfrogs
  A glowing shapeshifter simulacrum (Vaults:4)
  2 water moccasin zombies
  5 scorpions
  3 killer bees (D:5)
  A water moccasin skeleton (D:9)
  16 wights
  6 howler monkeys
  3 electric eels (Lair:4)
  6 centaur zombies
  3 bullfrog zombies
  A quasit (Depths:1)
  7 hounds
  3 jellies
  36 orc wizards
  2 bullfrog skeletons (D:12)
  26 orc priests
  4 centaur skeletons
  Terence (D:2)
  Ijyb (D:5)
  Natasha (thrice) (D:2)
  12 iguanas
  5 worker ants
  A killer bee zombie (D:6)
  A hound zombie (D:7)
  2 howler monkey zombies (D:7)
  5 worker ant zombies
  25 adders
  A shadow imp (D:9)
  2 white imps
  4 ufetubi
  2 worms
  An adder skeleton (D:6)
  An adder zombie (D:9)
  11 dart slugs (D:3)
  7 leopard geckos
  121 orcs
  3 giant cockroaches
  4 hobgoblins
  13 jackals
  29 kobolds
  8 quokkas
  2 ball pythons
  6 bats
  6 frilled lizards
  4 goblins
  5 rats
1787 creatures vanquished.

Vanquished Creatures (collateral kills)
  A manticore (Shoals:3)
  A jackal (D:3)
2 creatures vanquished.

Vanquished Creatures (others)
  An ironheart preserver (Vaults:1)
  A satyr (Shoals:4)
  A necromancer (Vaults:2)
  2 ugly things (Depths:1)
  A merfolk (Shoals:4)
  A snapping turtle (Shoals:4)
  2 yaks (IceCv)
  A naga (Snake:3)
  An orc priest (D:3)
  49 fungi
  329 plants
  2 withered plants (Depths:1)
391 creatures vanquished.

Grand Total: 2180 creatures vanquished

Notes
Turn   | Place    | Note
-------+----------+-------------------------------------------
     0 | D:1      | backslashecho the Formicid Ice Elementalist began the quest
                  | for the Orb.
     0 | D:1      | Reached XP level 1. HP: 13/13 MP: 3/3
   326 | D:1      | Reached XP level 2. HP: 19/20 MP: 1/5
   949 | D:2      | Noticed Terence
   953 | D:2      | Reached skill level 1 in Fighting
   953 | D:2      | Reached XP level 3. HP: 22/26 MP: 2/6
  1201 | D:2      | Reached skill level 1 in Unarmed Combat
  1337 | D:2      | Noticed Natasha
  1340 | D:2      | Killed Natasha
  1341 | D:2      | Reached XP level 4. HP: 33/33 MP: 3/7
  1536 | D:2      | Killed Terence
  1707 | D:2      | Reached XP level 5. HP: 39/39 MP: 4/8
  2129 | D:2      | Noticed Natasha
  2139 | D:2      | Killed Natasha
  2306 | D:2      | Noticed Natasha
  2313 | D:2      | Killed Natasha
  2784 | D:3      | Reached XP level 6. HP: 22/47 MP: 1/9
  3868 | D:4      | Found a snail-covered altar of Cheibriados.
  4150 | D:4      | Reached skill level 1 in Axes
  4350 | D:4      | Found a sparkling altar of Nemelex Xobeh.
  4451 | D:4      | Reached skill level 1 in Armour
  4701 | D:4      | Reached XP level 7. HP: 31/55 MP: 4/10
  5068 | D:4      | Reached skill level 2 in Axes
  5118 | D:4      | Found a blossoming altar of Fedhas.
  5177 | D:4      | Found Yralaac's Book Shop.
  5228 | D:4      | Found an opulent altar of Gozag.
  5231 | D:4      | Found a burning altar of Makhleb.
  5237 | D:4      | Noticed jackrogers's ghost (amateur DrBe)
  5396 | D:4      | Found a runed translucent door.
  5470 | D:4      | Found a broken altar of Ashenzari.
  5470 | D:4      | Found a glowing golden altar of the Shining One.
  5472 | D:4      | Found a stormy altar of Qazlal.
  5613 | D:4      | Reached skill level 3 in Axes
  5780 | D:5      | Entered Level 5 of the Dungeon
  5786 | D:5      | Reached skill level 5 in Fighting
  5980 | D:4      | Reached XP level 8. HP: 40/62 MP: 11/11
  6373 | D:5      | Reached skill level 4 in Axes
  6810 | D:5      | Noticed Ijyb
  6826 | D:5      | Killed Ijyb
  6963 | D:5      | Found a staircase to the Ecumenical Temple.
  6970 | D:5      | Noticed Blork the orc
  6976 | Temple   | Entered the Ecumenical Temple
  7150 | Temple   | Became a worshipper of Warmaster Okawaru
  7185 | D:5      | Killed Blork the orc
  7186 | D:5      | Reached skill level 1 in Invocations
  7265 | D:5      | Reached skill level 1 in Throwing
  7373 | D:5      | Reached skill level 5 in Axes
  7690 | D:5      | Noticed Eustachio
  7704 | D:5      | Killed Eustachio
  7704 | D:5      | Reached * piety under Okawaru
  7844 | D:6      | Reached XP level 9. HP: 69/69 MP: 9/12
  7916 | D:6      | Noticed Edmund
  7932 | D:6      | Killed Edmund
  7933 | D:6      | Reached skill level 6 in Axes
  8328 | D:6      | Reached skill level 5 in Armour
  8624 | D:6      | Reached skill level 7 in Axes
  8820 | D:6      | Reached ** piety under Okawaru
  9406 | D:7      | Found a hide-covered altar of Uskayaw.
  9734 | D:7      | Reached skill level 8 in Axes
  9734 | D:7      | Reached XP level 10. HP: 67/79 MP: 13/13
  9898 | D:7      | Noticed Joseph
  9955 | D:7      | Killed Joseph
 10124 | D:7      | Found a runed translucent door.
 10125 | D:7      | Noticed Crazy Yiuf
 10250 | D:6      | Reached *** piety under Okawaru
 10251 | D:6      | Reached skill level 9 in Axes
 10549 | D:7      | Found Ygelucw's General Store.
 10557 | D:7      | Bought a potion of heal wounds for 70 gold pieces
 10557 | D:7      | Bought 20 poisoned darts for 112 gold pieces
 10557 | D:7      | Bought a potion of curing for 42 gold pieces
 10557 | D:7      | Bought a +0 pair of boots for 63 gold pieces
 11044 | D:8      | Noticed a two-headed ogre
 11060 | D:8      | Killed a two-headed ogre
 11060 | D:8      | Received a gift from Okawaru
 11060 | D:8      | Reached **** piety under Okawaru
 11172 | D:8      | Found a hazy altar of Hepliaklqana.
 11323 | D:8      | Reached skill level 10 in Axes
 11784 | D:9      | Reached XP level 11. HP: 87/87 MP: 14/14
 11877 | D:9      | Reached skill level 1 in Shields
 11972 | D:9      | Noticed a death yak
 11997 | D:9      | Noticed a death yak
 11999 | D:9      | Killed a death yak
 11999 | D:9      | Received a gift from Okawaru
 11999 | D:9      | Noticed a death yak
 12020 | D:9      | Killed a death yak
 12073 | D:8      | Killed a death yak
 12074 | D:8      | Reached skill level 11 in Axes
 12393 | D:9      | Found a staircase to the Lair.
 12607 | D:9      | Found a shadowy altar of Dithmenos.
 12630 | D:9      | Noticed a two-headed ogre
 12642 | D:9      | Killed a two-headed ogre
 12693 | D:9      | Found a sparkling altar of Nemelex Xobeh.
 13233 | D:10     | Entered Level 10 of the Dungeon
 13607 | D:10     | Reached skill level 12 in Axes
 14970 | D:11     | Found a staircase to the Orcish Mines.
 15063 | D:11     | Reached XP level 12. HP: 69/95 MP: 15/15
 15394 | D:11     | Reached ***** piety under Okawaru
 15398 | D:11     | Reached skill level 5 in Invocations
 15403 | D:11     | Reached skill level 13 in Axes
 16373 | Lair:1   | Entered Level 1 of the Lair of Beasts
 16777 | Lair:1   | Noticed a seven-headed hydra
 16793 | Lair:1   | Killed a seven-headed hydra
 17011 | Lair:1   | Reached skill level 14 in Axes
 17158 | Lair:1   | Received a gift from Okawaru
 18156 | Lair:1   | Reached XP level 13. HP: 75/101 MP: 17/19
 18926 | Lair:2   | Reached skill level 15 in Axes
 18937 | Lair:2   | Noticed a five-headed hydra
 18950 | Lair:2   | Killed a five-headed hydra
 20589 | Lair:3   | Reached skill level 10 in Armour
 20603 | Lair:3   | Reached skill level 16 in Axes
 21421 | Lair:3   | Found a runed translucent gate.
 21421 | Lair:3   | Found a runed translucent gate.
 21421 | Lair:3   | Found a runed translucent gate.
 21425 | Lair:3   | Noticed teolandon225's ghost (journeyman SpEn)
 21427 | Lair:3   | Found a viscous altar of Jiyva.
 21562 | Lair:3   | Reached XP level 14. HP: 76/108 MP: 17/20
 21870 | Lair:4   | Received a gift from Okawaru
 22307 | Lair:4   | Found a staircase to the Snake Pit.
 22404 | Lair:4   | Received a gift from Okawaru
 22460 | Lair:4   | Noticed Kirke
 22471 | Lair:4   | Noticed a sphinx
 22521 | Lair:4   | Killed Kirke
 22522 | Lair:4   | Reached skill level 17 in Axes
 22617 | Lair:4   | Found a staircase to the Shoals.
 22660 | Lair:4   | Identified Fivia's Volume of Curses
 23127 | Lair:5   | Found a staircase to the Slime Pits.
 23677 | Lair:5   | Noticed Josephine
 23692 | Lair:5   | Killed Josephine
 23827 | Lair:5   | Identified the +1 scale mail of the Eagle {rPois rC+ Int-3
                  | Slay+4} (You found it on level 5 of the Lair of Beasts)
 24401 | Lair:6   | Entered Level 6 of the Lair of Beasts
 24497 | Lair:5   | Reached ****** piety under Okawaru
 24525 | Lair:5   | Reached skill level 18 in Axes
 24525 | Lair:5   | Reached XP level 15. HP: 87/113 MP: 19/21
 24897 | Lair:5   | Received a gift from Okawaru
 24898 | Lair:5   | Got a pair of translucent gloves {god gift}
 24909 | Lair:5   | Identified the +0 pair of gloves of the Blessed Realm
                  | {rCorr} (Okawaru gifted it to you on level 5 of the Lair of
                  | Beasts)
 26685 | Lair:6   | Reached skill level 19 in Axes
 27043 | Lair:6   | Received a gift from Okawaru
 27142 | Lair:6   | Identified the +6 scale mail "Xorph" {Rampage rPois Stlth+}
                  | (Okawaru gifted it to you on level 6 of the Lair of Beasts)
 27773 | Orc:1    | Entered Level 1 of the Orcish Mines
 27928 | Orc:2    | Entered Level 2 of the Orcish Mines
 27977 | Orc:2    | Identified a scroll of acquirement
 27977 | Orc:2    | Acquired the ring "Raqabon" {rC+ MP+9 Str+9 Int+4}
 28102 | Orc:2    | Reached XP level 16. HP: 96/120 MP: 22/22
 28439 | Orc:2    | Found a staircase to the Elven Halls.
 28519 | Orc:2    | Found Xuf Wog's Armour Shoppe.
 28519 | Orc:2    | Found Eriwk's Magic Scroll Shop.
 28519 | Orc:2    | Found Fomuwk's Magic Scroll Shop.
 28519 | Orc:2    | Found Comeb's Jewellery Emporium.
 28725 | Orc:2    | Bought a +0 kite shield for 49 gold pieces
 28726 | Orc:2    | Bought a scroll of acquirement for 572 gold pieces
 28728 | Orc:2    | Bought the amulet of the Four Winds {rN+ Will+++ Clar} for
                  | 614 gold pieces
 28728 | Orc:2    | Found the amulet of the Four Winds {rN+ Will+++ Clar}
 28945 | Orc:2    | Bought a scroll of brand weapon for 220 gold pieces
 28947 | Orc:2    | Acquired the +4 tower shield "Yntople" {rElec rC+ Will+
                  | Str+5}
 29084 | Orc:2    | Reached skill level 20 in Axes
 29603 | Orc:1    | Found a roughly hewn altar of Beogh.
 29615 | Orc:1    | Received a gift from Okawaru
 29768 | Orc:1    | Found Keugiqin's Assorted Antiques.
 30163 | Orc:1    | Reached skill level 5 in Shields
 30999 | D:12     | Noticed Nessos
 31003 | D:12     | Killed Nessos
 31027 | D:12     | Noticed Sonja
 31037 | D:12     | Killed Sonja
 33216 | D:14     | Reached XP level 17. HP: 125/125 MP: 23/23
 33288 | D:14     | Found a blossoming altar of Fedhas.
 33293 | D:14     | Reached skill level 5 in Throwing
 33433 | D:14     | Found a gate to the Vaults.
 33472 | D:14     | Found a frozen archway.
 33492 | IceCv    | Entered an ice cave
 33708 | IceCv    | Received a gift from Okawaru
 33766 | IceCv    | Reached skill level 10 in Shields
 34766 | D:15     | Entered Level 15 of the Dungeon
 34849 | D:15     | Received a gift from Okawaru
 34880 | D:15     | Identified Roxanne's Guide on the Rocks
 34880 | D:15     | Noticed Roxanne
 35425 | D:15     | Found a staircase to the Depths.
 35989 | Snake:1  | Entered Level 1 of the Snake Pit
 36495 | Snake:1  | Received a gift from Okawaru
 36749 | Snake:1  | Received a gift from Okawaru
 37367 | Snake:1  | Found Xoill's Mayhem Merchandise.
 37375 | Snake:1  | Bought a +0 executioner's axe for 130 gold pieces
 38060 | Snake:2  | Found a hazy altar of Hepliaklqana.
 38106 | Snake:2  | Reached XP level 18. HP: 132/132 MP: 24/24
 38320 | Snake:2  | Found the +3 crown of Dyrovepreva {rElec Int+2 SInv}
 38617 | Snake:2  | Noticed Vashnia
 38644 | Snake:2  | Killed Vashnia
 39442 | Snake:3  | Noticed Jorgrun
 39446 | Snake:3  | Noticed Aizul
 39449 | Snake:3  | Killed Jorgrun
 39456 | Snake:3  | Killed Aizul
 40870 | Snake:4  | Entered Level 4 of the Snake Pit
 40947 | Snake:4  | Reached skill level 15 in Shields
 40958 | Snake:4  | Reached skill level 1 in Evocations
 41020 | Snake:4  | Received a gift from Okawaru
 42308 | Snake:4  | Found Kamuraq's Antique Armour Shop.
 42324 | Snake:4  | Bought a dazzling scale mail for 423 gold pieces
 42324 | Snake:4  | Identified the +6 scale mail "Ruzecao" {Will+ rCorr Str+2
                  | Int-4} (You bought it in a shop on level 4 of the Snake
                  | Pit)
 42345 | Snake:4  | Reached skill level 10 in Throwing
 42552 | Snake:4  | Received a gift from Okawaru
 42639 | Snake:4  | Reached skill level 5 in Evocations
 42733 | Snake:4  | Reached XP level 19. HP: 110/138 MP: 25/25
 42755 | Snake:4  | Received a gift from Okawaru
 43058 | Snake:4  | Received a gift from Okawaru
 43239 | Snake:4  | Reached skill level 15 in Armour
 43423 | Snake:4  | Received a gift from Okawaru
 43787 | Snake:4  | Got a serpentine rune of Zot
 44258 | D:15     | Identified the +5 battleaxe of Fipusofe {vamp, Int+4
                  | Stlth+} (You found it on level 15 of the Dungeon)
 44460 | Shoals:1 | Entered Level 1 of the Shoals
 45453 | Shoals:2 | Reached skill level 5 in Dodging
 45699 | Snake:4  | Bought a pair of runed boots for 352 gold pieces
 46763 | Shoals:2 | Noticed a titan
 46823 | Shoals:2 | Killed a titan
 47190 | Shoals:3 | Received a gift from Okawaru
 47481 | Shoals:3 | Received a gift from Okawaru
 47765 | Shoals:3 | Identified the +3 scale mail of Ujazeud {+Blink rF++ Regen+
                  | Slay-5} (You found it on level 3 of the Shoals)
 47871 | Shoals:4 | Entered Level 4 of the Shoals
 47900 | Shoals:4 | Found Cetiurej's Assorted Antiques.
 47923 | Shoals:4 | Reached XP level 20. HP: 140/144 MP: 26/26
 48200 | Shoals:3 | Received a gift from Okawaru
 48639 | Shoals:4 | Received a gift from Okawaru
 48651 | Shoals:4 | Noticed Ilsuiw
 48759 | Shoals:4 | Killed Ilsuiw
 48760 | Shoals:4 | Reached skill level 10 in Evocations
 48879 | Shoals:4 | Identified the +8 lajatang "Ympeod" {holy, +Rage rF+
                  | Will+++ Int-5}
 48884 | Shoals:4 | Received a gift from Okawaru
 49389 | Shoals:4 | Found Elyosmao's Weapon Boutique.
 49507 | Shoals:4 | Noticed Polyphemus
 49555 | Shoals:4 | Found Kuwn's Book Shop.
 49703 | Shoals:4 | Killed Polyphemus
 50056 | Shoals:4 | Found Uzacoawakh's Armour Shop.
 50080 | Shoals:4 | Received a gift from Okawaru
 50198 | Shoals:4 | Found Cejyoc's Magic Scroll Emporium.
 50206 | Shoals:4 | Bought 2 scrolls of fear for 98 gold pieces
 50265 | Shoals:4 | Got a barnacled rune of Zot
 50723 | Vaults:1 | Entered Level 1 of the Vaults
 50949 | Vaults:1 | Found Viur's Weapon Shop.
 51015 | Vaults:1 | Received a gift from Okawaru
 51257 | Vaults:1 | Found a runed translucent gate.
 51257 | Vaults:1 | Found a runed translucent gate.
 51258 | Vaults:1 | Found a runed translucent gate.
 51258 | Vaults:1 | Noticed tamionv's ghost (adept GrFi)
 51260 | Vaults:1 | Found a roughly hewn altar of Beogh.
 51349 | Vaults:1 | Reached XP level 21. HP: 139/150 MP: 27/27
 52028 | Vaults:1 | Reached skill level 10 in Dodging
 52691 | Vaults:2 | Received a gift from Okawaru
 52805 | Vaults:2 | Found Papseqou's Armour Emporium.
 53365 | Vaults:2 | Noticed a bone dragon
 53385 | Vaults:2 | Killed a bone dragon
 53423 | Vaults:2 | Found a staircase to the Crypt.
 53434 | Vaults:2 | Found an ornate altar of the Wu Jian Council.
 53648 | Vaults:2 | Reached skill level 10 in Fighting
 53978 | Vaults:3 | Reached skill level 15 in Throwing
 54036 | Vaults:3 | Reached XP level 22. HP: 154/160 MP: 28/28
 54344 | Vaults:3 | Noticed Mara
 54355 | Vaults:3 | Killed Mara
 54355 | Vaults:3 | Received a gift from Okawaru
 54495 | Vaults:3 | Received a gift from Okawaru
 55270 | Vaults:3 | Noticed Bai Suzhen
 55301 | Vaults:3 | Killed Bai Suzhen
 55973 | Vaults:4 | Received a gift from Okawaru
 55974 | Vaults:4 | Found the +8 frozen axe "Frostbite" {freezing cloud, *Noise
                  | +Fly rC+}
 56380 | Vaults:4 | Reached XP level 23. HP: 166/171 MP: 29/29
 56753 | Vaults:4 | Found Babiteom's Magic Scroll Boutique.
 56869 | Vaults:4 | Found Naecom's Magic Scroll Emporium.
 57281 | Depths:1 | Entered Level 1 of the Depths
 57281 | Depths:1 | Noticed Sojobo
 57295 | Depths:1 | Received a gift from Okawaru
 57310 | Depths:1 | Killed Sojobo
 57359 | Depths:1 | Received a gift from Okawaru
 57685 | Depths:1 | Received a gift from Okawaru
 57976 | Depths:1 | Found a one-way gate leading to the halls of Pandemonium.
 58166 | Depths:1 | Found a runed translucent door.
 58166 | Depths:1 | Noticed Paloaq's ghost (journeyman GnCj)
 58190 | Depths:1 | Found Luipuol's Antique Armour Shop.
 58276 | Depths:1 | Bought a bloodstained plate armour for 1092 gold pieces
 58277 | Depths:1 | Identified the +0 plate armour of Tyshrop {+Fly rF- rC-
                  | Str+8} (You bought it in a shop on level 1 of the Depths)
 58298 | Depths:1 | Found a gateway to Hell.
 58348 | Depths:1 | Found a blossoming altar of Fedhas.
 58529 | Depths:1 | Found the +12 Vampire's Tooth {vamp}
 58866 | Depths:2 | Found a gateway to a ziggurat.
 59052 | Depths:2 | Reached XP level 24. HP: 117/178 MP: 29/29
 59052 | Depths:2 | Received a gift from Okawaru
 59088 | Depths:2 | Reached skill level 21 in Axes
 61089 | Depths:3 | Slain by a spriggan berserker

Illustrated notes

Levels and vault maps discovered:
D:1:      evilmike_arrival_crescent, layout_loops_ring
D:2:      layout_rooms, uniq_natasha, uniq_terence
D:3:      kennysheep_slugbush, layout_basic
D:4:      minmay_wonky_spiral, layout_loops_ring, kennysheep_mini_moat,
          kennysheep_little_box, nicolae_overflow_crystal_walls,
          nicolae_overflow_hidden_temple, serial_shops, shop,
          hellmonk_ghost_happy_afterlife, solitary_fountain,
          chequers_serial_rivers_micro_c, serial_bayou_pond_b
D:5:      layout_cave_pools, minmay_temple_entry_large_hall,
          grunt_ministairs_12, uniq_ijyb, uniq_eustachio, uniq_blork_the_orc
D:6:      layout_basic, uniq_edmund
D:7:      layout_rooms, lemuel_crystal_altar, serial_shops, shop, uniq_joseph,
          uniq_crazy_yiuf_cottage
D:8:      layout_cave_pods, nzn_hepliaklqana_mist_gate, minivault_26
D:9:      layout_irregular_city, grunt_dithmenos_shadows, dpeg_lair_monsters,
          nemelex_altar_shiori
D:10:     layout_loops_cross
D:11:     layout_long_grid, erik_orc_4, serial_undead, serial_undead_c,
          serial_undead_d, serial_undead_e, serial_undead_f, serial_undead_c,
          serial_undead_e, serial_undead_c, serial_undead_a, minmay_puff
D:12:     minmay_the_grid_octo_tiled_octocenter_mashed
          [minmay_the_grid_octo_odd_swirl, minmay_the_grid_octo_checkered,
          minmay_the_grid_octo_concentric, minmay_the_grid_octo_checkerflower,
          minmay_the_grid_octo_prize_single_spiral,
          minmay_the_grid_square_5x5_empty,
          minmay_the_grid_square_5x5_spiral_small,
          minmay_the_grid_square_5x5_minimal, minmay_the_grid_square_5x5_two],
          layout_stronghold, uniq_nessos, uniq_sonja
D:13:     layout_roguey
D:14:     layout_cross, david_vaults_1, portal_ice_cave_entry_pillars_1,
          fedhas_altar_3
D:15:     hangedman_depths_entry_try_elsewhere_first, layout_basic,
          chequers_garden, uniq_roxanne
Temple:   chequers_temple_sunken
Lair:1:   layout_regular_city, grunt_megastairs_2, infiniplex_staircase_pool,
          minmay_lair_oklob_chamber
Lair:2:   beast_lair_carwin_large_3, layout_loops_ring, lemuel_fruit_fields,
          infiniplex_staircase_pool_2
Lair:3:   minmay_lair_venomous_thicket, layout_long_grid, gammafunk_ghost_ooze,
          grunt_forest_small_clearings
Lair:4:   layout_gridlike, elwin_shoals_entry_rooms,
          minmay_snake_entry_spellcaster, cheibrodos_lair_reptile_den,
          grunt_megastairs_1, uniq_kirke
Lair:5:   layout_loops_ring, slime_dummy, uniq_josephine
Lair:6:   minmay_lair_end_enchanted_forest, layout_big_grid, lemuel_fruit_tree
Shoals:1: layout_shoals, nicolae_shoals_stone_sculpture_thing
Shoals:2: cheibrodos_shoals_gigantism, layout_shoals
Shoals:3: layout_shoals
Shoals:4: shoals_end_grunt_garden, layout_shoals, shoal_ilsuiw, serial_shops,
          shop, shop, shop, nicolae_shop_stone, nicolae_shop_trees,
          uniq_polyphemus
Snake:1:  layout_layer_cave, st_stairs_10, nicolae_snake_double_loop,
          minmay_shop_mayhem
Snake:2:  layout_chambers, basic_altar, uniq_vashnia
Snake:3:  layout_honeycomb, uniq_aizul, uniq_jorgrun
Snake:4:  snake_pit, layout_cave_town, serial_shops, nicolae_shop_behind_doors,
          st_stairs_13, grunt_ministairs_15
Orc:1:    layout_caves, serial_shops, nicolae_shop_statue_plus, basic_altar
Orc:2:    st_orc_ogre_mass, layout_caves
Vaults:1: biasface_vaults_ghost_orc_armoury, ontoclasm_vaults_twist, v_rooms_1,
          nicolae_vaults_network_barrier, v_pattern_1, vaults_dpeg_spiral,
          dpeg_vaults_monster_row, nicolae_vaults_angled_halls,
          nicolae_vaults_shelves_hall, grunt_vaults_funnel, v_misc_2,
          layout_vaults_big_cross, serial_shops, nicolae_shop_waterfront
Vaults:2: ontoclasm_vaults_ring_square, hangedman_vaults_locks,
          minmay_crypt_entry_nasty_monster, ontoclasm_vaults_claustrophobia,
          vaults_room_octagon, ontoclasm_vaults_shuriken,
          vaults_standard_mumra_enter_the_diamond, vaults_room_door_hall,
          vaults_mumra_hexcomb, ontoclasm_vaults_decontamination,
          nicolae_vaults_little_squares_1, v_pattern_4, vaults_dpeg_cross,
          ontoclasm_vaults_ligature, ontoclasm_vaults_ring_square, v_misc_8,
          vaults_mumra_chevron_long, layout_vaults_maze_bifur, basic_altar,
          serial_shops, nicolae_shop_stone
Vaults:3: nicolae_vaults_big_angled_halls, v_misc_3,
          hangedman_vaults_variations, ontoclasm_vaults_ring_small,
          nicolae_vaults_stairing_the_circle, hangedman_vaults_nails,
          nicolae_vaults_big_ls, vaults_room_door_hall, layout_vaults_ring,
          uniq_mara, uniq_bai_suzhen
Vaults:4: hangedman_vaults_maws, dpeg_vaults_monster_box, vaults_room_octagon,
          nicolae_vaults_windows_and_doors_thing, ontoclasm_vaults_misaligned,
          vaults_room_semicircle, vaults_room_hallway, serial_ice_b,
          vaults_mumra_chevron, v_alt_pattern_6, v_misc_14,
          nicolae_vaults_yaktaur_gun_rack, v_misc_10,
          vaults_room_mumra_shop_pool, hangedman_vaults_stretched_pinwheel,
          v_misc_15, layout_vaults_omnibox, serial_shops, nicolae_shop_stone
Depths:1: layout_cave_pools, pf_vacation_house_of_asmodeus, serial_shops,
          nicolae_shop_overgrown_old_shop, kennysheep_flooded_box,
          gammafunk_ghost_grave, rand_demon_pan_entry_7,
          minmay_guarded_unrand_vampires_tooth, uniq_sojobo
Depths:2: hourglass_vault, layout_gridville, enter_ziggurat_f,
          hangedman_coc_ice_floe, serial_bayou_shore_b
Depths:3: minmay_guarded_unrand_guard, layout_honeycomb, hellmouth_3,
          minmay_misc_feat_hallway, rand_demon_pan_entry_1, serial_bayou_lake_a

Skill      XL: |  1  2  3  4  5  6  7  8  9 10 11 12 13 14 15 16 17 18 19 20 21 22 23 24 |
---------------+-------------------------------------------------------------------------+-----
Dodging        | 2 3 4 6 9 10 | 10.0
Fighting       | 1 2 3 4 5 6 7 8 9 10 12 | 12.7
Unarmed Combat | 1 |  1.0
Axes           | 1 3 5 8 10 12 14 16 18 19 20 21 | 21.4
Armour         | 1 2 4 5 7 8 10 12 13 14 15 16 17 19 20 | 20.0
Invocations    | 2 4 8 |  8.0
Throwing       | 1 4 8 10 12 13 15 16 | 16.0
Shields        | 2 8 13 15 | 15.0
Evocations     | 5 9 10 12 | 12.5
Stealth        | |  2.4
Spellcasting   | |  2.3
Ice Magic      | |  4.1

Action                   |  1- 3 |  4- 6 |  7- 9 | 10-12 | 13-15 | 16-18 | 19-21 | 22-24 || total
-------------------------+-------+-------+-------+-------+-------+-------+-------+-------++-------
Melee: Dagger            |    13 |    91 |    30 |       |       |       |       |       ||   134
       Unarmed           |     1 |       |     3 |       |       |       |       |       ||     4
       War axe           |       |       |   232 |   692 |  1174 |   139 |       |       ||  2237
       Punch             |       |       |     1 |     3 |       |       |       |       ||     4
       Dire flail        |       |       |       |     7 |    29 |    19 |       |       ||    55
       Battleaxe         |       |       |       |       |       |  1317 |  1465 |   387 ||  3169
       Executioner's axe |       |       |       |       |       |       |       |   498 ||   498
Throw: Stone             |    11 |     8 |       |       |       |       |       |       ||    19
       Dart              |       |    10 |   118 |    57 |    28 |     6 |    12 |       ||   231
       Javelin           |       |       |       |     2 |     1 |     5 |   107 |    32 ||   147
 Cast: Freeze            |    30 |   119 |    87 |       |       |       |       |       ||   236
Invok: Heroism           |       |       |     3 |    24 |    35 |    31 |    34 |    10 ||   137
       Finesse           |       |       |       |     1 |     4 |     3 |     5 |     2 ||    15
 Abil: Dig               |       |       |     1 |     1 |    10 |     8 |     1 |     1 ||    22
Evoke: Wand              |       |       |       |     1 |    10 |    11 |    31 |    11 ||    64
  Use: Scroll            |       |     2 |    10 |     5 |     7 |     9 |     4 |     3 ||    40
       Potion            |       |       |       |     4 |     4 |       |     6 |     1 ||    15
 Stab: Sleeping          |       |     1 |     1 |       |       |     8 |     6 |       ||    16
       Confused          |       |       |     1 |       |       |       |       |       ||     1
       Paralysed         |       |       |       |     2 |     8 |     2 |     4 |     4 ||    20
Armor: Robe              |    16 |    24 |     1 |       |       |       |       |       ||    41
       Ring mail         |       |       |    28 |       |       |       |       |       ||    28
       Scale mail        |       |       |   111 |       |    58 |   254 |   166 |       ||   589
       Plate armour      |       |       |       |   369 |   524 |       |    69 |   206 ||  1168
Dodge: Dodged            |    35 |   112 |   217 |   202 |   403 |   244 |   274 |   212 ||  1699
Block: Buckler           |       |       |       |    83 |   206 |    17 |       |       ||   306
       Tower shield      |       |       |       |       |       |  1137 |  1387 |   954 ||  3478
